 Dungeon Crawl Stone Soup version 0.31.0-11-ge490571c62 (webtiles) character file.

Game seed: 14891823129391621617

1157 qw the Skirmisher (level 8, -1/39 HPs)
             Began as a Spriggan Hunter on Feb 5, 2024.
             Was a Follower of Okawaru.
             Slain by a sleepcap (11 damage)
             ... on level 5 of the Dungeon.
             The game lasted 00:01:07 (4520 turns).

qw the Skirmisher (Spriggan Hunter)                 Turns: 4520, Time: 00:01:07

Health: -1/39      AC:  4    Str:  7    XL:     8   Next: 16%
Magic:  11/11      EV:  4    Int: 11    God:    Okawaru [*.....]
Gold:   285        SH:  0    Dex: 20    Spells: 7/7 levels left

rFire   . . .        a - +2 shortbow
rCold   . . .        (shield currently unavailable)
rNeg    . . .        f - +2 animal skin
rPois   .            (helmet restricted)
rElec   .            (no cloak)
rCorr   .            (gloves unavailable)
SInv    +            (boots unavailable)
Will    ++...        (no amulet)
Stlth   ++           c - ring of willpower
HPRegen 0.26/turn    g - +5 ring of evasion
MPRegen 0.12/turn

%: no passive effects
@: sleeping, very quick
A: very small, no large weapons, unfitting armour, see invisible, speed 3
a: Renounce Religion, Heroism


You were on level 5 of the Dungeon.
You worshipped Okawaru.
Okawaru was aware of your devotion.
You visited 2 branches of the dungeon, and saw 7 of its levels.

You collected 285 gold pieces.


Innate Abilities, Weirdness & Mutations

You are very small and have problems with some larger weapons.
You are too small for most types of armour.
You have supernaturally acute eyesight. (SInv)
You cover ground extremely quickly. (Speed+++)


   Skills:
 + Level 2.0 Fighting
 - Level 8.1 Ranged Weapons
 - Level 7.3 Dodging
 - Level 1.5 Stealth
 + Level 3.8 Invocations


You had 7 spell levels left.
You didn't know any spells.
Your spell library was empty.

Inventory:

Hand Weapons
 a - a +2 shortbow (weapon)
Armour
 f - a +2 animal skin (worn)
Jewellery
 c - a ring of willpower (left hand)
 g - a +5 ring of evasion (right hand)
 h - a +6 ring of strength
Wands
 l - a wand of iceblast (15)
Potions
 b - a potion of resistance
 d - a potion of magic
 e - a potion of enlightenment
 i - a potion of curing {unknown}
 j - a potion of ambrosia {unknown}
 k - a potion of brilliance {unknown}
 m - a potion of degeneration {unknown}
 o - a potion of heal wounds {unknown}

Dungeon Overview and Level Annotations

Branches:
Dungeon (6/15)             Temple (1/1) D:4

Altars:
Ashenzari
Cheibriados
Elyvilon
Fedhas
Gozag
Hepliaklqana
Kikubaaqudgha
Makhleb
Nemelex Xobeh
Okawaru
Qazlal
Ru
Sif Muna
Trog
Uskayaw
Vehumet
Wu Jian
Xom
Zin
The Shining One

Annotations:
D:5 3 runed translucent doors, qw's ghost, novice SpHu


Message History

There is a stone staircase leading up here.
There are monsters nearby!
Waypoint 6 assigned to D:6.
4508 ||| STAIRDANCE The sleepcap completely misses you.
You climb upwards.
Level annotation: 3 runed translucent doors, qw's ghost, novice SpHu
There is a stone staircase leading down, spattered with blood here.
You see here a +0 flail.
You climb downwards.
The sleepcap completely misses you.
There is a stone staircase leading up here.
4512 ||| STAIRDANCE The sleepcap releases spores at you.
You are engulfed in a cloud of soporific spores!
You fall asleep.
You stop ascending the stairs.
The sleepcap releases spores at you!!
You wake up.
You are engulfed in a cloud of soporific spores!
You are unaffected.
4514 ||| STAIRDANCE The sleepcap completely misses you.
You climb upwards.
Level annotation: 3 runed translucent doors, qw's ghost, novice SpHu
There is a stone staircase leading down, spattered with blood here.
You see here a +0 flail.
You shoot an arrow. The arrow hits the sleepcap.
The sleepcap is lightly damaged.
The sleepcap completely misses you.
You shoot an arrow. The arrow hits the sleepcap!
The sleepcap is heavily damaged.
The sleepcap completely misses you.
You shoot an arrow. The arrow hits the sleepcap.
The sleepcap is heavily damaged.
The sleepcap releases spores at you.
You shoot an arrow. The arrow hits the sleepcap.
The sleepcap is severely damaged.
The sleepcap releases spores at you.
You are engulfed in a cloud of soporific spores!
You fall asleep.
The sleepcap releases spores at you!
You die...

.# ##...## #.#......#
#.# .#
###..#####.#......# #.#
.#
#.........#########'####
.# #.........#
##.........#
.########.........#
#..........##
........)))...##.##
#............
############...#.#
##...........#
#.#..[###....#######.#
#.##.@f...#### #.#
###'######### #.#
#......# #.# #......#
#.# #......# ########
#.# #...(..# #......#
#)# #..<...#
#..[...####.# #......#
#...........) ########
#......####.#


You could see a sleepcap.

Vanquished Creatures
  Menkaure (D:5)
  A water moccasin (D:5)
  An ogre (D:4)
  A phantom (D:5)
  6 killer bees (D:5)
  An orc priest (D:5)
  A bombardier beetle (D:5)
  2 hounds
  A gnoll bouda (D:5)
  2 iguanas
  An orc wizard (D:5)
  Robin (D:2)
  11 gnolls
  4 adders
  A white imp (D:5)
  4 ufetubi (D:5)
  2 ribbon worms
  3 dart slugs
  4 orcs
  9 bats
  6 endoplasms
  A giant cockroach (D:2)
  19 goblins
  14 hobgoblins
  A jackal (D:1)
  2 quokkas
  6 ball pythons
  4 frilled lizards
  8 kobolds
  4 rats
122 creatures vanquished.

Notes
Turn   | Place    | Note
-------+----------+-------------------------------------------
     0 | D:1      | qw the Spriggan Hunter began the quest for the Orb.
     0 | D:1      | Reached XP level 1. HP: 10/10 MP: 2/2
     0 | D:1      | 0 ||| qw: Version: 0.3-a-160-g6735b56
     0 | D:1      | 0 ||| qw: Game counter: 6252
     0 | D:1      | 0 ||| qw: Melee chars always use a shield: true
     0 | D:1      | 0 ||| qw: God list: Okawaru
     0 | D:1      | 0 ||| qw: Allow faded altars: false
     0 | D:1      | 0 ||| qw: Do Orc after clearing Dungeon:15 true
     0 | D:1      | 0 ||| qw: Do second Lair branch before Depths: true
     0 | D:1      | 0 ||| qw: Lair rune preference: random
     0 | D:1      | 0 ||| qw: Goals: Normal
     0 | D:1      | 0 ||| PLANNING D:1-11
    20 | D:1      | Reached skill level 3 in Dodging
   178 | D:1      | Reached XP level 2. HP: 14/14 MP: 3/3
   452 | D:1      | 452 ||| READING scroll labelled METOYL JOLUATS.
   453 | D:1      | 453 ||| READING scroll labelled HUXTA CIEN.
   454 | D:1      | 454 ||| READING scroll labelled JUYGONI YDEMM.
   455 | D:1      | 455 ||| DROPPING scroll of butterflies.
   708 | D:2      | Reached XP level 3. HP: 18/18 MP: 4/4
   975 | D:2      | Noticed Robin
   979 | D:2      | Reached skill level 5 in Ranged Weapons
   979 | D:2      | 979 ||| FLEEEEING.
   985 | D:2      | 985 ||| FLEEEEING.
   986 | D:2      | 986 ||| FLEEEEING.
   987 | D:2      | 987 ||| FLEEEEING.
   988 | D:2      | 988 ||| FLEEEEING.
   990 | D:2      | 990 ||| FLEEEEING.
   991 | D:2      | 991 ||| FLEEEEING.
   992 | D:2      | 992 ||| FLEEEEING.
  1006 | D:2      | Killed Robin
  1007 | D:2      | Reached XP level 4. HP: 9/22 MP: 5/5
  1503 | D:2      | 1503 ||| UPGRADING to +2 animal skin.
  1513 | D:2      | 1513 ||| DROPPING +0 robe.
  1514 | D:2      | 1514 ||| DROPPING ring of flight.
  1515 | D:2      | 1515 ||| READING scroll labelled RUN VOURIRITSA.
  1517 | D:2      | 1517 ||| Stepping ~*~*~tactically~*~*~ (cloud).
  1948 | D:3      | Found an ornate altar of the Wu Jian Council.
  2073 | D:3      | Reached XP level 5. HP: 25/26 MP: 6/6
  2156 | D:3      | Identified the +1 leather armour "Daowugg" {rC- rN+ Int+3
                  | Dex+2}
  2176 | D:3      | 2176 ||| UPGRADING to ring of willpower.
  2177 | D:3      | 2177 ||| UPGRADING to +5 ring of evasion.
  2178 | D:3      | 2178 ||| READING 2 scrolls labelled TAETWI XYQ TYS.
  2178 | D:3      | 2178 ||| ENCHANTING +0 shortbow.
  2179 | D:3      | 2179 ||| READING scroll of enchant weapon.
  2179 | D:3      | 2179 ||| ENCHANTING +1 shortbow.
  2180 | D:3      | 2180 ||| READING scroll labelled USEUNA HEURISE.
  2281 | D:3      | 2281 ||| READING scroll labelled TYTZYU YCAHE.
  2282 | D:3      | 2282 ||| READING scroll labelled NIRECYS ZUIRGH.
  2282 | D:3      | 2282 ||| IDENTIFYING clear potion
  2283 | D:3      | 2283 ||| DROPPING potion of attraction.
  2342 | D:4      | Noticed an ogre
  2353 | D:4      | Killed an ogre
  2354 | D:4      | Reached skill level 6 in Ranged Weapons
  2395 | D:4      | Reached XP level 6. HP: 24/30 MP: 7/7
  2571 | D:4      | Found a staircase to the Ecumenical Temple.
  2572 | D:4      | 2572 ||| PLANNING TEMPLE
  2579 | Temple   | Entered the Ecumenical Temple
  2580 | Temple   | 2580 ||| PLANNING OKAWARU WORSHIP
  2603 | Temple   | Became a worshipper of Warmaster Okawaru
  2604 | Temple   | 2604 ||| PLANNING D:1-11
  3085 | D:4      | 3085 ||| READING scroll of identify.
  3085 | D:4      | 3085 ||| IDENTIFYING grey potion
  3086 | D:4      | 3086 ||| READING scroll labelled GIS CEALADWU.
  3114 | D:5      | Entered Level 5 of the Dungeon
  3194 | D:5      | 3194 ||| RETREEEEATING.
  3195 | D:5      | 3195 ||| RETREEEEATING.
  3196 | D:5      | 3196 ||| RETREEEEATING.
  3198 | D:5      | Reached skill level 6 in Dodging
  3204 | D:5      | 3204 ||| RETREEEEATING.
  3207 | D:5      | 3207 ||| RETREEEEATING.
  3208 | D:5      | 3208 ||| RETREEEEATING.
  3209 | D:5      | 3209 ||| RETREEEEATING.
  3211 | D:5      | 3211 ||| RETREEEEATING.
  3213 | D:5      | 3213 ||| RETREEEEATING.
  3241 | D:5      | Reached skill level 7 in Ranged Weapons
  3250 | D:5      | 3250 ||| RETREEEEATING.
  3252 | D:5      | Reached * piety under Okawaru
  3253 | D:5      | Reached XP level 7. HP: 35/35 MP: 8/8
  3453 | D:5      | 3453 ||| RETREEEEATING.
  3455 | D:5      | 3455 ||| RETREEEEATING.
  3459 | D:5      | 3459 ||| INVOKING Heroism.
  3470 | D:5      | Reached skill level 1 in Invocations
  3556 | D:5      | Found a stormy altar of Qazlal.
  3898 | D:5      | Reached skill level 3 in Invocations
  3898 | D:5      | Reached XP level 8. HP: 26/39 MP: 11/11
  4090 | D:5      | Noticed Menkaure
  4094 | D:5      | Killed Menkaure
  4095 | D:5      | Reached skill level 8 in Ranged Weapons
  4171 | D:5      | Found a runed translucent gate.
  4172 | D:5      | Found a runed translucent gate.
  4174 | D:5      | Found a runed translucent gate.
  4175 | D:5      | Noticed qw's ghost (novice SpHu)
  4175 | D:5      | Identified the +1 scale mail of a bailey {Regen+ Stlth+}
  4393 | D:5      | 4393 ||| READING scroll of identify.
  4393 | D:5      | 4393 ||| IDENTIFYING cyan potion
  4394 | D:5      | 4394 ||| READING scroll labelled ZYOZXEF DEPO.
  4394 | D:5      | 4394 ||| ENCHANTING +2 shortbow.
  4395 | D:5      | 4395 ||| DRINKING 2 fizzy emerald potions.
  4508 | D:6      | 4508 ||| STAIRDANCE
  4512 | D:6      | 4512 ||| STAIRDANCE
  4514 | D:6      | 4514 ||| STAIRDANCE
  4520 | D:5      | Slain by a sleepcap

Levels and vault maps discovered:
D:1:      lightli_arrival_statuegarden, layout_rooms, minmay_octomino_e4
D:2:      cheibrodos_greedy_goblins, layout_basic, minmay_tripent, uniq_robin
D:3:      layout_basic, mainiacjoe_overflow_catwalk, serial_bayou_ford_a,
          minmay_fractal_squares_5
D:4:      layout_loops_ring, minmay_temple_entry_large_hall
D:5:      layout_basic, kennysheep_mini, biasface_ghost_orc_armoury,
          uniq_menkaure
D:6:      layout_basic, nrook_loot_triangle, uniq_crazy_yiuf_cottage,
          uniq_edmund
Temple:   nicolae_temple_bog_church

Skill      XL: |  1  2  3  4  5  6  7  8 |
---------------+-------------------------+-----
Dodging        | 3 4 5 6 7 |  7.3
Ranged Weapons | 5 6 7 8 |  8.1
Fighting       | 2 |  2.0
Invocations    | 3 |  3.8
Stealth        | |  1.5

Action                     |  1- 3 |  4- 6 |  7- 9 || total
---------------------------+-------+-------+-------++-------
   Fire: Shortbow          |   111 |   183 |    99 ||   393
 Invoke: Heroism           |       |       |     1 ||     1
    Use: Scroll            |     3 |     8 |     2 ||    13
         Potion            |       |       |     1 ||     1
 Armour: Robe              |    19 |     2 |       ||    21
         Animal skin       |       |    16 |    22 ||    38
  Dodge: Dodged            |    42 |    64 |    92 ||   198

Table legend:
 A = Non-vault XP
 B = Vault XP
 C = Vault XP percentage of total XP
 D = Non-vault monster count
 E = Vault monster count
 F = Vault count percentage of total count
                 A         B        C        D         E       F
            +---------+---------+-------+---------+---------+-------
      Total |    1392 |     262 |  15.8 |      87 |      35 |  28.7
            +---------+---------+-------+---------+---------+-------
        D:1 |      21 |       5 |  19.2 |      15 |       3 |  16.7
        D:2 |      33 |      73 |  68.9 |      12 |      24 |  66.7
        D:3 |      80 |      15 |  15.8 |      15 |       7 |  31.8
        D:4 |     213 |       0 |   0.0 |      13 |       0 |   0.0
        D:5 |    1045 |     169 |  13.9 |      32 |       1 |   3.0
            +---------+---------+-------+---------+---------+-------
